[ PARTIDA AOE2 · #493776720 ]
UnrankedItalianos vs Romans
[ ANÁLISIS DE REPETICIÓN · EXTRAÍDO DE LA PARTIDA GRABADA ]
Feudal
9:42
Castillos
24:01
Imperial
43:51
| APM promedio | 52.8 |
| APM pico | 193 |
| eAPM promedio | 33.4 |
| Aldeanos / militares | 96 / 109 |
Foco
⚔️ 78.1% · 🌾 21.9%
Knight ×53 · Genoese Crossbowman ×33 · Scout Cavalry ×23
Feudal
10:12
Castillos
30:34
Imperial
—
| APM promedio | 32.1 |
| APM pico | 69 |
| eAPM promedio | 20.8 |
| Aldeanos / militares | 80 / 113 |
Foco
⚔️ 41.2% · 🌾 58.8%
Militia ×90 · Spearman ×9 · Archer ×8 · Scorpion ×3 · Skirmisher ×2 · Mangonel ×1
Feudal
11:00
Castillos
22:42
Imperial
36:01
| APM promedio | 44.0 |
| APM pico | 86 |
| eAPM promedio | 22.6 |
| Aldeanos / militares | 123 / 112 |
Foco
⚔️ 29.1% · 🌾 70.9%
Archer ×97 · Battering Ram ×6 · Berserk ×5 · Mangonel ×2 · Trebuchet (Packed) ×2
Feudal
10:36
Castillos
25:36
Imperial
—
| APM promedio | 19.6 |
| APM pico | 62 |
| eAPM promedio | 10.3 |
| Aldeanos / militares | 69 / 1 |
Foco
⚔️ 20.5% · 🌾 79.5%
Spearman ×1
Feudal
10:34
Castillos
24:25
Imperial
—
| APM promedio | 27.0 |
| APM pico | 61 |
| eAPM promedio | 13.1 |
| Aldeanos / militares | 86 / 56 |
Foco
⚔️ 21.0% · 🌾 79.0%
Knight ×34 · Scout Cavalry ×20 · Spearman ×2
Feudal
8:52
Castillos
24:25
Imperial
35:44
| APM promedio | 45.9 |
| APM pico | 89 |
| eAPM promedio | 24.9 |
| Aldeanos / militares | 96 / 147 |
Foco
⚔️ 59.1% · 🌾 40.9%
Archer ×143 · Mangonel ×3 · Trebuchet (Packed) ×1
Feudal
10:58
Castillos
15:46
Imperial
32:56
| APM promedio | 32.9 |
| APM pico | 82 |
| eAPM promedio | 18.0 |
| Aldeanos / militares | 156 / 120 |
Foco
⚔️ 36.5% · 🌾 63.5%
Camel Archer ×111 · Battering Ram ×4 · Trebuchet (Packed) ×4 · Monk ×1
Feudal
8:59
Castillos
22:51
Imperial
43:21
| APM promedio | 46.5 |
| APM pico | 75 |
| eAPM promedio | 24.2 |
| Aldeanos / militares | 179 / 205 |
Foco
⚔️ 37.4% · 🌾 62.6%
Camel Scout ×182 · Scout Cavalry ×23
Mapa de la partida
Recursos iniciales + cada clic de construcción. Líneas = muros · curvas = relieve. ◆ oro · ⬟ piedra · ● bayas · ✦ reliquia · ◌ hueco del cierre
Tu base· ✓ Cerrada en 24:01 · 0t muro · 4 puerta(s)
Base de Reynald AoE· ✓ Cerrada en 30:34 · 7t muro · 5 puerta(s)
Base de Nostradamus· ✓ Cerrada en 22:42 · 1t muro · 4 puerta(s)
Base de accept_all_cookies· ✓ Cerrada en 25:36 · 10t muro · 4 puerta(s)
Base de lcastillov22· ✓ Cerrada en 24:25 · 0t muro · 2 puerta(s)
Base de El Wicho· ✓ Cerrada en 24:25 · 0t muro · 4 puerta(s)
Base de Newlife· ✓ Cerrada en 15:46 · 11t muro · 4 puerta(s)
Base de Koorean· ✓ Cerrada en 22:51 · 0t muro · 2 puerta(s)
Terreno inicial suavizado · ◌ = hueco del cierre detectado · pasá el cursor para detalles
Inputs por minuto
— Dadagama - - Reynald AoE
Build order — Dadagama
Primeras 150 de 248 acciones detectadas
| 0:01 | Crear | Villager (Male) |
| 0:01 | Crear | Villager (Male) |
| 0:01 | Crear | Villager (Male) |
| 0:02 | Construir | House |
| 0:04 | Construir | House |
| 0:18 | Crear | Villager (Male) |
| 0:18 | Crear | Villager (Male) |
| 0:19 | Crear | Villager (Male) |
| 1:32 | Crear | Villager (Male) |
| 1:33 | Crear | Villager (Male) |
| 2:01 | Crear | Villager (Male) |
| 2:01 | Crear | Villager (Male) |
| 2:01 | Crear | Villager (Male) |
| 2:19 | Construir | Lumber Camp |
| 2:37 | Crear | Villager (Male) |
| 2:38 | Crear | Villager (Male) |
| 3:06 | Crear | Villager (Male) |
| 3:07 | Crear | Villager (Male) |
| 3:39 | Crear | Villager (Male) |
| 3:39 | Crear | Villager (Male) |
| 3:40 | Crear | Villager (Male) |
| 4:01 | Construir | Mill |
| 4:13 | Crear | Villager (Male) |
| 4:22 | Construir | House |
| 4:48 | Crear | Villager (Male) |
| 4:48 | Crear | Villager (Male) |
| 5:20 | Construir | House |
| 5:35 | Crear | Villager (Male) |
| 6:05 | Crear | Villager (Male) |
| 6:06 | Crear | Villager (Male) |
| 6:49 | Investigar | Loom |
| 7:11 | Investigar | Feudal Age |
| 8:51 | Crear | Villager (Male) |
| 8:52 | Crear | Villager (Male) |
| 8:52 | Crear | Villager (Male) |
| 9:31 | Crear | Villager (Male) |
| 9:35 | Construir | Barracks |
| 9:42 | Edad | Edad Feudal |
| 9:42 | Investigar | Double-Bit Axe |
| 9:43 | Investigar | Double-Bit Axe |
| 10:02 | Investigar | Horse Collar |
| 10:09 | Construir | House |
| 10:11 | Construir | House |
| 10:24 | Construir | Stable |
| 10:58 | Construir | House |
| 11:07 | Crear | Villager (Male) |
| 11:07 | Crear | Villager (Male) |
| 11:11 | Crear | Scout Cavalry |
| 11:11 | Crear | Scout Cavalry |
| 11:12 | Crear | Scout Cavalry |
| 11:12 | Crear | Scout Cavalry |
| 11:19 | Construir | Blacksmith |
| 11:29 | Construir | House |
| 11:33 | Construir | House |
| 11:35 | Crear | Villager (Male) |
| 11:40 | Construir | Farm |
| 11:41 | Construir | Farm |
| 11:45 | Construir | Farm |
| 11:55 | Investigar | Scale Barding Armor |
| 11:59 | Construir | House |
| 12:12 | Construir | Farm |
| 12:26 | Construir | Farm |
| 12:36 | Investigar | Forging |
| 12:37 | Crear | Villager (Male) |
| 12:44 | Construir | Farm |
| 12:53 | Crear | Villager (Male) |
| 12:53 | Crear | Villager (Male) |
| 12:55 | Construir | Farm |
| 13:12 | Crear | Villager (Male) |
| 13:17 | Construir | Farm |
| 13:25 | Construir | Farm |
| 13:28 | Crear | Villager (Male) |
| 13:35 | Crear | Scout Cavalry |
| 13:38 | Construir | House |
| 14:53 | Crear | Scout Cavalry |
| 14:53 | Crear | Scout Cavalry |
| 15:13 | Crear | Scout Cavalry |
| 15:17 | Construir | Stable |
| 15:18 | Crear | Villager (Male) |
| 15:18 | Crear | Villager (Male) |
| 15:19 | Construir | Farm |
| 15:20 | Construir | Farm |
| 15:20 | Construir | Farm |
| 15:20 | Construir | Farm |
| 15:23 | Construir | Farm |
| 15:24 | Construir | Farm |
| 15:28 | Construir | Farm |
| 15:38 | Crear | Villager (Male) |
| 16:56 | Crear | Scout Cavalry |
| 16:56 | Crear | Scout Cavalry |
| 17:00 | Crear | Scout Cavalry |
| 17:01 | Crear | Scout Cavalry |
| 17:10 | Crear | Villager (Male) |
| 17:11 | Crear | Villager (Male) |
| 17:11 | Crear | Villager (Male) |
| 17:14 | Construir | Mining Camp |
| 17:56 | Construir | House |
| 18:00 | Crear | Villager (Male) |
| 18:01 | Crear | Villager (Male) |
| 18:04 | Construir | Mill |
| 18:06 | Construir | Farm |
| 18:07 | Construir | Farm |
| 18:07 | Construir | Farm |
| 18:07 | Construir | Farm |
| 18:12 | Construir | Farm |
| 18:23 | Construir | House |
| 18:42 | Crear | Villager (Male) |
| 18:42 | Crear | Villager (Male) |
| 18:51 | Construir | Market |
| 19:01 | Construir | House |
| 19:14 | Investigar | Bloodlines |
| 19:16 | Crear | Villager (Male) |
| 19:16 | Crear | Villager (Male) |
| 19:21 | Construir | Farm |
| 19:34 | Construir | House |
| 19:36 | Construir | House |
| 20:17 | Crear | Villager (Male) |
| 20:17 | Crear | Villager (Male) |
| 20:59 | Investigar | Castle Age |
| 21:08 | Construir | Stable |
| 21:12 | Crear | Villager (Male) |
| 21:12 | Crear | Villager (Male) |
| 21:15 | Investigar | Gold Mining |
| 21:20 | Construir | Mining Camp |
| 21:24 | Crear | Villager (Male) |
| 21:55 | Investigar | Stone Mining |
| 21:59 | Investigar | Fletching |
| 22:05 | Construir | Archery Range |
| 22:40 | Investigar | Padded Archer Armor |
| 23:26 | Construir | Palisade Gate |
| 23:31 | Construir | Palisade Gate |
| 23:49 | Crear | Villager (Male) |
| 23:49 | Crear | Villager (Male) |
| 24:01 | Edad | Edad de los Castillos |
| 24:05 | Crear | Knight ×5 |
| 24:32 | Construir | Castle |
| 24:33 | Construir | Mining Camp |
| 24:39 | Construir | Palisade Wall |
| 24:41 | Crear | Villager (Male) ×3 |
| 25:04 | Construir | Outpost |
| 25:05 | Construir | Outpost |
| 25:06 | Investigar | Town Watch |
| 25:12 | Crear | Knight |
| 25:33 | Crear | Knight ×2 |
| 25:46 | Crear | Genoese Crossbowman ×5 |
| 25:53 | Crear | Villager (Male) |
| 26:03 | Construir | University |
| 26:38 | Investigar | Bodkin Arrow |
| 26:51 | Crear | Genoese Crossbowman |
| 27:16 | Crear | Genoese Crossbowman ×5 |
Build order — Reynald AoE
Primeras 150 de 299 acciones detectadas
| 0:02 | Crear | Villager (Male) |
| 0:02 | Crear | Villager (Male) |
| 0:02 | Crear | Villager (Male) |
| 0:03 | Construir | House |
| 0:04 | Construir | House |
| 0:12 | Crear | Villager (Male) |
| 0:12 | Crear | Villager (Male) |
| 0:12 | Crear | Villager (Male) |
| 1:34 | Crear | Villager (Male) |
| 1:35 | Crear | Villager (Male) |
| 1:35 | Crear | Villager (Male) |
| 1:52 | Construir | Lumber Camp |
| 1:57 | Crear | Villager (Male) |
| 2:08 | Crear | Villager (Male) |
| 2:50 | Crear | Villager (Male) |
| 2:55 | Crear | Villager (Male) |
| 3:52 | Crear | Villager (Male) |
| 3:52 | Crear | Villager (Male) |
| 3:53 | Crear | Villager (Male) |
| 3:53 | Crear | Villager (Male) |
| 3:58 | Construir | House |
| 4:00 | Construir | House |
| 4:33 | Construir | Mill |
| 4:46 | Crear | Villager (Male) |
| 5:15 | Crear | Villager (Male) |
| 5:25 | Crear | Villager (Male) |
| 5:40 | Crear | Villager (Male) |
| 6:14 | Crear | Villager (Male) |
| 6:49 | Crear | Villager (Male) |
| 6:54 | Construir | Mining Camp |
| 7:07 | Investigar | Loom |
| 7:28 | Investigar | Loom |
| 7:35 | Construir | Palisade Gate |
| 7:45 | Construir | Barracks |
| 7:59 | Investigar | Feudal Age |
| 8:09 | Construir | Palisade Wall |
| 8:34 | Construir | Palisade Wall |
| 8:51 | Crear | Militia |
| 8:52 | Crear | Militia |
| 9:12 | Crear | Militia |
| 9:46 | Construir | House |
| 9:55 | Crear | Villager (Male) |
| 10:12 | Edad | Edad Feudal |
| 10:16 | Investigar | Man-at-Arms (upgrade) |
| 10:37 | Crear | Villager (Male) |
| 10:46 | Construir | Watch Tower |
| 10:53 | Crear | Villager (Male) |
| 11:19 | Construir | Archery Range |
| 11:24 | Construir | Farm |
| 11:25 | Construir | Farm |
| 11:27 | Construir | Farm |
| 11:30 | Crear | Villager (Male) |
| 11:53 | Crear | Villager (Male) |
| 12:11 | Construir | Watch Tower |
| 12:14 | Crear | Villager (Male) |
| 12:22 | Crear | Villager (Male) |
| 12:29 | Crear | Villager (Male) |
| 12:38 | Construir | Blacksmith |
| 13:26 | Crear | Skirmisher |
| 13:27 | Crear | Skirmisher |
| 13:29 | Crear | Militia |
| 13:36 | Crear | Villager (Male) |
| 13:38 | Construir | House |
| 13:42 | Crear | Villager (Male) |
| 13:55 | Construir | House |
| 14:04 | Crear | Archer |
| 14:04 | Crear | Archer |
| 14:37 | Construir | Palisade Wall |
| 14:43 | Construir | Palisade Wall |
| 14:45 | Construir | Palisade Wall |
| 14:56 | Crear | Villager (Male) |
| 14:56 | Crear | Villager (Male) |
| 14:56 | Crear | Villager (Male) |
| 15:10 | Crear | Archer |
| 15:11 | Crear | Villager (Male) |
| 15:14 | Construir | Farm |
| 15:15 | Construir | Farm |
| 15:44 | Crear | Archer |
| 15:45 | Crear | Archer |
| 15:56 | Construir | House |
| 16:14 | Crear | Archer |
| 16:20 | Construir | Palisade Gate |
| 16:38 | Crear | Archer |
| 16:38 | Crear | Villager (Male) |
| 16:41 | Construir | Farm |
| 16:43 | Construir | Farm |
| 16:45 | Construir | Farm |
| 16:48 | Crear | Villager (Male) |
| 17:05 | Crear | Villager (Male) |
| 17:07 | Construir | Farm |
| 17:09 | Construir | Farm |
| 17:46 | Investigar | Double-Bit Axe |
| 17:46 | Investigar | Horse Collar |
| 17:50 | Crear | Archer |
| 17:56 | Crear | Villager (Male) |
| 17:59 | Construir | Farm |
| 18:00 | Construir | Farm |
| 18:08 | Crear | Villager (Male) |
| 18:39 | Crear | Villager (Male) |
| 18:45 | Construir | Barracks |
| 18:47 | Investigar | Scale Mail Armor |
| 18:54 | Construir | Barracks |
| 18:55 | Crear | Villager (Male) |
| 19:02 | Construir | House |
| 19:04 | Crear | Villager (Male) |
| 19:15 | Construir | House |
| 19:17 | Crear | Villager (Male) |
| 19:27 | Crear | Militia |
| 19:36 | Crear | Villager (Male) |
| 20:04 | Crear | Militia |
| 20:04 | Crear | Militia |
| 20:04 | Crear | Militia |
| 20:06 | Crear | Villager (Male) |
| 20:10 | Construir | House |
| 20:16 | Construir | House |
| 20:19 | Construir | Palisade Gate |
| 20:29 | Construir | House |
| 20:32 | Construir | Palisade Wall |
| 20:39 | Crear | Villager (Male) |
| 20:48 | Construir | Farm |
| 20:55 | Crear | Militia |
| 20:56 | Crear | Militia |
| 20:56 | Crear | Militia |
| 21:11 | Construir | Farm |
| 21:11 | Construir | Farm |
| 21:11 | Construir | Farm |
| 21:14 | Construir | Farm |
| 21:16 | Construir | Farm |
| 21:27 | Construir | Farm |
| 21:28 | Construir | Farm |
| 21:36 | Construir | Farm |
| 21:39 | Construir | Farm |
| 21:39 | Construir | Farm |
| 21:39 | Construir | Farm |
| 21:49 | Crear | Villager (Male) |
| 21:50 | Crear | Militia |
| 21:50 | Crear | Militia |
| 21:51 | Crear | Militia |
| 22:06 | Construir | Lumber Camp |
| 22:21 | Construir | Farm |
| 22:22 | Crear | Villager (Male) |
| 22:31 | Crear | Militia |
| 22:31 | Crear | Militia |
| 22:31 | Crear | Militia |
| 22:42 | Construir | Farm |
| 23:09 | Crear | Militia |
| 23:10 | Crear | Militia |
| 23:10 | Crear | Militia |
| 23:10 | Crear | Villager (Male) |
| 23:13 | Construir | Farm |
Build order — Nostradamus
Primeras 150 de 387 acciones detectadas
| 0:01 | Crear | Villager (Male) ×4 |
| 0:02 | Construir | House |
| 0:03 | Construir | House |
| 1:41 | Crear | Villager (Male) |
| 1:41 | Crear | Villager (Male) |
| 1:42 | Crear | Villager (Male) |
| 1:58 | Construir | Lumber Camp |
| 2:35 | Crear | Villager (Male) |
| 2:35 | Crear | Villager (Male) |
| 2:35 | Crear | Villager (Male) |
| 2:36 | Crear | Villager (Male) |
| 3:16 | Crear | Villager (Male) |
| 3:54 | Construir | House |
| 3:55 | Construir | House |
| 4:01 | Crear | Villager (Male) |
| 4:33 | Crear | Villager (Male) |
| 4:34 | Crear | Villager (Male) |
| 5:09 | Construir | Mill |
| 5:14 | Crear | Villager (Male) |
| 5:45 | Crear | Villager (Male) |
| 6:00 | Crear | Villager (Male) |
| 6:22 | Crear | Villager (Male) |
| 6:29 | Construir | Farm |
| 6:31 | Construir | Farm |
| 6:37 | Crear | Villager (Male) |
| 7:05 | Crear | Villager (Male) |
| 7:33 | Crear | Villager (Male) |
| 7:59 | Crear | Villager (Male) |
| 8:13 | Crear | Villager (Male) |
| 8:22 | Construir | Farm |
| 8:36 | Construir | Mining Camp |
| 8:40 | Investigar | Feudal Age |
| 8:47 | Construir | Farm |
| 9:16 | Crear | Villager (Male) |
| 9:16 | Crear | Villager (Male) |
| 9:47 | Construir | House |
| 9:50 | Construir | Barracks |
| 11:00 | Edad | Edad Feudal |
| 11:02 | Construir | Archery Range |
| 11:05 | Crear | Villager (Male) |
| 11:11 | Construir | Gate |
| 11:16 | Investigar | Loom |
| 11:18 | Crear | Villager (Male) |
| 11:49 | Crear | Archer |
| 11:55 | Crear | Archer |
| 11:56 | Construir | Blacksmith |
| 12:01 | Investigar | Double-Bit Axe |
| 12:42 | Crear | Villager (Male) |
| 12:53 | Crear | Villager (Male) |
| 12:56 | Construir | House |
| 13:15 | Crear | Archer |
| 13:16 | Investigar | Fletching |
| 13:34 | Crear | Archer |
| 13:39 | Crear | Villager (Male) |
| 13:49 | Crear | Villager (Male) |
| 14:05 | Investigar | Padded Archer Armor |
| 14:07 | Crear | Archer |
| 14:18 | Construir | Mining Camp |
| 14:24 | Crear | Villager (Male) |
| 14:56 | Crear | Archer |
| 15:31 | Crear | Archer |
| 15:32 | Crear | Villager (Male) |
| 15:33 | Crear | Villager (Male) |
| 15:36 | Investigar | Horse Collar |
| 15:41 | Construir | House |
| 16:08 | Crear | Villager (Male) |
| 16:18 | Crear | Archer |
| 16:37 | Crear | Archer |
| 16:56 | Crear | Archer |
| 16:57 | Crear | Archer |
| 17:01 | Construir | Farm |
| 17:15 | Crear | Villager (Male) |
| 17:16 | Crear | Villager (Male) |
| 17:20 | Construir | Mill |
| 17:20 | Construir | Farm |
| 17:21 | Construir | Farm |
| 17:21 | Construir | Farm |
| 17:21 | Construir | Farm |
| 17:21 | Construir | Farm |
| 17:22 | Construir | Farm |
| 17:22 | Construir | Farm |
| 17:22 | Construir | Farm |
| 17:39 | Crear | Archer |
| 18:03 | Construir | Palisade Gate |
| 18:04 | Construir | Palisade Wall |
| 18:08 | Crear | Archer |
| 18:08 | Crear | Villager (Male) |
| 18:23 | Crear | Archer |
| 18:35 | Crear | Villager (Male) |
| 18:48 | Construir | House |
| 18:56 | Crear | Archer |
| 18:56 | Crear | Archer |
| 19:02 | Crear | Villager (Male) |
| 19:27 | Crear | Archer |
| 19:38 | Construir | Farm |
| 20:02 | Investigar | Castle Age |
| 20:02 | Investigar | Castle Age |
| 20:35 | Crear | Archer |
| 20:36 | Crear | Archer |
| 20:39 | Crear | Villager (Male) |
| 20:59 | Construir | Archery Range |
| 21:03 | Crear | Archer |
| 21:03 | Crear | Archer |
| 21:09 | Investigar | Gold Mining |
| 21:17 | Crear | Villager (Male) |
| 21:56 | Crear | Archer |
| 22:07 | Crear | Archer |
| 22:42 | Edad | Edad de los Castillos |
| 22:54 | Construir | Market |
| 22:57 | Construir | Town Center |
| 23:00 | Investigar | Bow Saw |
| 23:01 | Crear | Villager (Male) |
| 23:07 | Investigar | Bodkin Arrow |
| 23:07 | Investigar | Bodkin Arrow |
| 23:31 | Crear | Archer |
| 23:32 | Crear | Archer |
| 23:36 | Construir | House |
| 23:54 | Crear | Villager (Male) |
| 23:58 | Construir | University |
| 24:03 | Construir | Gate |
| 24:10 | Construir | Farm |
| 24:24 | Construir | Castle |
| 24:28 | Construir | House |
| 24:38 | Crear | Archer |
| 24:41 | Investigar | Crossbowman (upgrade) |
| 25:02 | Construir | House |
| 25:06 | Construir | House |
| 25:08 | Construir | House |
| 25:36 | Crear | Villager (Male) |
| 25:38 | Crear | Villager (Male) |
| 25:38 | Crear | Villager (Male) |
| 25:49 | Crear | Villager (Male) |
| 25:50 | Crear | Villager (Male) |
| 26:16 | Crear | Villager (Male) |
| 26:16 | Crear | Villager (Male) |
| 26:22 | Construir | Town Center |
| 26:33 | Crear | Archer |
| 26:33 | Crear | Archer |
| 26:39 | Crear | Villager (Male) |
| 26:47 | Crear | Villager (Male) |
| 26:47 | Crear | Villager (Male) |
| 26:51 | Crear | Archer |
| 26:51 | Crear | Archer |
| 27:07 | Crear | Archer |
| 27:07 | Crear | Archer |
| 27:32 | Investigar | Ballistics |
| 27:32 | Investigar | Ballistics |
| 27:38 | Crear | Archer |
| 27:39 | Crear | Archer |
| 27:44 | Crear | Villager (Male) |
Build order — accept_all_cookies
Primeras 150 de 154 acciones detectadas
| 0:03 | Construir | House |
| 0:05 | Construir | House |
| 0:06 | Crear | Villager (Male) ×4 |
| 0:06 | Crear | Villager (Male) ×4 |
| 1:14 | Crear | Villager (Male) |
| 1:15 | Crear | Villager (Male) |
| 1:44 | Crear | Villager (Male) |
| 1:44 | Crear | Villager (Male) |
| 2:18 | Crear | Villager (Male) |
| 2:19 | Crear | Villager (Male) |
| 2:34 | Construir | House |
| 2:35 | Construir | House |
| 2:38 | Construir | House |
| 2:55 | Crear | Villager (Male) |
| 2:56 | Crear | Villager (Male) |
| 2:56 | Crear | Villager (Male) |
| 3:49 | Crear | Villager (Male) |
| 3:50 | Crear | Villager (Male) |
| 3:50 | Crear | Villager (Male) |
| 3:50 | Crear | Villager (Male) |
| 4:36 | Crear | Villager (Male) |
| 4:37 | Crear | Villager (Male) |
| 5:00 | Construir | Mining Camp |
| 5:11 | Construir | Lumber Camp |
| 5:14 | Crear | Villager (Male) |
| 5:30 | Crear | Villager (Male) |
| 6:14 | Construir | Mill |
| 6:18 | Crear | Villager (Male) |
| 6:25 | Crear | Villager (Male) |
| 7:07 | Crear | Villager (Male) |
| 7:29 | Crear | Villager (Male) |
| 7:29 | Crear | Villager (Male) |
| 8:01 | Construir | Mining Camp |
| 8:26 | Investigar | Feudal Age |
| 8:28 | Investigar | Loom |
| 9:31 | Construir | House |
| 10:22 | Construir | Palisade Gate |
| 10:36 | Edad | Edad Feudal |
| 10:45 | Construir | Watch Tower |
| 10:52 | Crear | Villager (Male) |
| 10:52 | Crear | Villager (Male) |
| 10:53 | Crear | Villager (Male) |
| 11:16 | Construir | Blacksmith |
| 11:36 | Construir | Watch Tower |
| 12:05 | Crear | Villager (Male) |
| 12:06 | Crear | Villager (Male) |
| 12:30 | Crear | Villager (Male) |
| 12:35 | Investigar | Fletching |
| 12:49 | Construir | House |
| 12:52 | Construir | House |
| 12:58 | Construir | House |
| 13:05 | Construir | Watch Tower |
| 13:07 | Construir | Palisade Wall |
| 13:10 | Construir | Palisade Wall |
| 13:12 | Construir | Palisade Wall |
| 13:13 | Construir | Palisade Wall |
| 13:18 | Construir | Palisade Wall |
| 13:21 | Crear | Villager (Male) |
| 13:33 | Construir | Watch Tower |
| 14:02 | Crear | Villager (Male) |
| 14:02 | Crear | Villager (Male) |
| 14:07 | Construir | Market |
| 14:24 | Crear | Villager (Male) |
| 14:24 | Crear | Villager (Male) |
| 14:50 | Crear | Villager (Male) |
| 14:50 | Crear | Villager (Male) |
| 15:11 | Crear | Villager (Male) |
| 15:11 | Crear | Villager (Male) |
| 15:24 | Construir | Mining Camp |
| 15:35 | Construir | Barracks |
| 15:40 | Construir | House |
| 15:44 | Crear | Villager (Male) |
| 15:45 | Crear | Villager (Male) |
| 16:02 | Construir | House |
| 16:07 | Construir | House |
| 16:11 | Construir | House |
| 16:15 | Construir | House |
| 16:27 | Crear | Villager (Male) ×3 |
| 16:31 | Investigar | Horse Collar |
| 16:31 | Investigar | Horse Collar |
| 16:43 | Construir | Farm |
| 16:43 | Construir | Farm |
| 16:44 | Construir | Farm |
| 16:44 | Construir | Farm |
| 16:44 | Construir | Farm |
| 16:44 | Construir | Farm |
| 16:45 | Construir | Farm |
| 16:45 | Construir | Farm |
| 16:47 | Crear | Villager (Male) |
| 17:07 | Crear | Villager (Male) |
| 17:31 | Construir | Watch Tower |
| 17:42 | Crear | Villager (Male) |
| 17:43 | Construir | Farm |
| 17:44 | Construir | Farm |
| 17:44 | Construir | Farm |
| 17:56 | Crear | Villager (Male) |
| 18:15 | Construir | Watch Tower |
| 18:18 | Construir | Farm |
| 18:18 | Construir | Farm |
| 18:19 | Construir | Farm |
| 18:19 | Construir | Farm |
| 18:19 | Construir | Farm |
| 18:25 | Construir | House |
| 18:27 | Construir | House |
| 18:31 | Crear | Villager (Male) |
| 18:35 | Crear | Spearman |
| 18:39 | Construir | House |
| 18:47 | Construir | House |
| 19:05 | Construir | House |
| 19:06 | Construir | House |
| 19:09 | Crear | Villager (Male) |
| 19:09 | Crear | Villager (Male) |
| 19:10 | Construir | Farm |
| 19:11 | Construir | Farm |
| 19:22 | Crear | Villager (Male) |
| 19:22 | Crear | Villager (Male) |
| 19:37 | Crear | Villager (Male) |
| 19:46 | Construir | Farm |
| 19:47 | Construir | Farm |
| 19:47 | Construir | Farm |
| 20:19 | Crear | Villager (Male) |
| 20:22 | Construir | Farm |
| 20:22 | Construir | Farm |
| 20:22 | Construir | Farm |
| 20:34 | Investigar | Double-Bit Axe |
| 20:41 | Construir | Lumber Camp |
| 20:45 | Crear | Villager (Male) |
| 21:10 | Crear | Villager (Male) |
| 21:20 | Construir | Farm |
| 21:21 | Construir | Farm |
| 21:24 | Crear | Villager (Male) |
| 21:59 | Crear | Villager (Male) |
| 22:31 | Crear | Villager (Male) |
| 22:33 | Construir | Farm |
| 22:55 | Investigar | Castle Age |
| 22:55 | Investigar | Castle Age |
| 23:16 | Construir | Farm |
| 23:45 | Construir | House |
| 23:48 | Construir | House |
| 24:41 | Construir | Palisade Wall |
| 24:59 | Construir | Palisade Wall |
| 25:00 | Construir | Palisade Wall |
| 25:02 | Construir | Palisade Wall |
| 25:04 | Construir | Palisade Wall |
| 25:16 | Construir | Mining Camp |
| 25:36 | Edad | Edad de los Castillos |
| 25:43 | Construir | Farm |
| 25:47 | Construir | Castle |
| 25:59 | Construir | House |
| 26:06 | Crear | Villager (Male) |
Build order — lcastillov22
Primeras 150 de 247 acciones detectadas
| 0:04 | Crear | Villager (Male) |
| 0:04 | Crear | Villager (Male) |
| 0:04 | Crear | Villager (Male) |
| 0:07 | Construir | House |
| 0:08 | Construir | House |
| 0:47 | Crear | Villager (Male) |
| 0:47 | Crear | Villager (Male) |
| 0:47 | Crear | Villager (Male) |
| 1:37 | Crear | Villager (Male) |
| 1:37 | Crear | Villager (Male) |
| 2:05 | Crear | Villager (Male) |
| 2:06 | Crear | Villager (Male) |
| 2:06 | Crear | Villager (Male) |
| 2:21 | Crear | Villager (Male) |
| 2:22 | Crear | Villager (Male) |
| 2:22 | Crear | Villager (Male) |
| 2:38 | Crear | Villager (Male) |
| 2:38 | Crear | Villager (Male) |
| 2:56 | Construir | Lumber Camp |
| 3:16 | Crear | Villager (Male) |
| 3:16 | Crear | Villager (Male) |
| 3:16 | Crear | Villager (Male) |
| 3:16 | Crear | Villager (Male) |
| 3:33 | Construir | House |
| 3:43 | Crear | Villager (Male) |
| 3:43 | Crear | Villager (Male) |
| 3:43 | Crear | Villager (Male) |
| 4:29 | Crear | Villager (Male) |
| 4:29 | Crear | Villager (Male) |
| 4:29 | Crear | Villager (Male) |
| 4:56 | Crear | Villager (Male) |
| 4:56 | Crear | Villager (Male) |
| 4:56 | Crear | Villager (Male) |
| 5:24 | Construir | House |
| 5:38 | Crear | Villager (Male) |
| 5:38 | Crear | Villager (Male) |
| 6:07 | Construir | Mill |
| 6:16 | Crear | Villager (Male) |
| 6:58 | Crear | Villager (Male) |
| 7:24 | Crear | Villager (Male) |
| 7:41 | Crear | Villager (Male) |
| 8:07 | Construir | Mining Camp |
| 8:12 | Investigar | Feudal Age |
| 8:13 | Investigar | Feudal Age |
| 9:06 | Crear | Villager (Male) |
| 9:07 | Crear | Villager (Male) |
| 10:02 | Construir | House |
| 10:25 | Construir | Barracks |
| 10:34 | Edad | Edad Feudal |
| 11:11 | Construir | Stable |
| 11:18 | Crear | Villager (Male) |
| 11:19 | Crear | Villager (Male) |
| 11:28 | Construir | Lumber Camp |
| 11:45 | Construir | Farm |
| 11:56 | Construir | House |
| 11:57 | Construir | House |
| 12:00 | Crear | Scout Cavalry |
| 12:00 | Crear | Scout Cavalry |
| 12:21 | Investigar | Wheelbarrow |
| 12:31 | Construir | Farm |
| 12:32 | Construir | Farm |
| 12:33 | Construir | Farm |
| 12:35 | Crear | Villager (Male) |
| 12:38 | Crear | Scout Cavalry |
| 13:11 | Construir | Farm |
| 13:13 | Construir | Farm |
| 13:14 | Construir | Farm |
| 13:15 | Construir | Farm |
| 13:25 | Crear | Scout Cavalry |
| 13:25 | Crear | Scout Cavalry |
| 13:39 | Crear | Villager (Male) |
| 13:45 | Construir | Farm |
| 13:51 | Construir | Farm |
| 13:56 | Construir | Farm |
| 14:01 | Construir | Farm |
| 14:04 | Crear | Villager (Male) |
| 14:11 | Crear | Scout Cavalry |
| 14:49 | Crear | Villager (Male) |
| 14:49 | Crear | Villager (Male) |
| 14:58 | Construir | Farm |
| 15:00 | Construir | Farm |
| 15:11 | Construir | House |
| 15:12 | Construir | House |
| 15:13 | Construir | House |
| 15:24 | Crear | Spearman |
| 15:24 | Crear | Spearman |
| 15:39 | Crear | Villager (Male) |
| 15:51 | Construir | Farm |
| 15:53 | Construir | Farm |
| 16:06 | Crear | Villager (Male) |
| 16:06 | Crear | Villager (Male) |
| 16:13 | Construir | Blacksmith |
| 16:22 | Crear | Scout Cavalry |
| 16:23 | Crear | Scout Cavalry |
| 16:25 | Crear | Villager (Male) |
| 16:31 | Construir | Lumber Camp |
| 17:03 | Crear | Villager (Male) |
| 17:19 | Construir | Mill |
| 17:35 | Crear | Villager (Male) |
| 17:35 | Crear | Villager (Male) |
| 17:41 | Construir | House |
| 17:42 | Construir | House |
| 17:47 | Construir | Farm |
| 17:47 | Construir | Farm |
| 17:48 | Construir | Farm |
| 17:48 | Construir | Farm |
| 17:48 | Construir | Farm |
| 17:50 | Construir | Farm |
| 18:05 | Crear | Scout Cavalry |
| 18:06 | Crear | Scout Cavalry |
| 18:15 | Construir | Farm |
| 18:20 | Crear | Villager (Male) |
| 18:20 | Crear | Villager (Male) |
| 18:27 | Investigar | Double-Bit Axe |
| 18:27 | Investigar | Double-Bit Axe |
| 18:30 | Investigar | Scale Barding Armor |
| 18:54 | Construir | Farm |
| 18:58 | Construir | Farm |
| 19:15 | Crear | Scout Cavalry |
| 19:15 | Crear | Scout Cavalry |
| 19:18 | Investigar | Forging |
| 19:24 | Construir | House |
| 19:30 | Construir | House |
| 19:40 | Crear | Villager (Male) |
| 19:40 | Crear | Villager (Male) |
| 19:41 | Crear | Villager (Male) |
| 20:05 | Crear | Scout Cavalry |
| 20:28 | Crear | Scout Cavalry |
| 20:29 | Crear | Villager (Male) |
| 20:29 | Crear | Villager (Male) |
| 20:55 | Construir | Mill |
| 21:00 | Construir | Farm |
| 21:00 | Construir | Farm |
| 21:00 | Construir | Farm |
| 21:00 | Construir | Farm |
| 21:00 | Construir | Farm |
| 21:01 | Construir | Farm |
| 21:03 | Construir | Farm |
| 21:08 | Crear | Villager (Male) |
| 21:41 | Investigar | Castle Age |
| 22:08 | Construir | Stable |
| 22:23 | Crear | Scout Cavalry |
| 22:24 | Crear | Scout Cavalry |
| 22:24 | Crear | Scout Cavalry |
| 22:28 | Investigar | Gold Mining |
| 23:11 | Crear | Scout Cavalry |
| 23:12 | Crear | Scout Cavalry |
| 23:15 | Crear | Scout Cavalry |
| 23:21 | Construir | House |
| 23:22 | Construir | House |
Build order — El Wicho
Primeras 150 de 363 acciones detectadas
| 0:01 | Crear | Villager (Male) |
| 0:02 | Crear | Villager (Male) |
| 0:03 | Construir | House |
| 0:05 | Construir | House |
| 0:09 | Crear | Villager (Male) |
| 0:09 | Crear | Villager (Male) |
| 0:10 | Crear | Villager (Male) |
| 1:34 | Crear | Villager (Male) |
| 1:34 | Crear | Villager (Male) |
| 1:53 | Construir | Lumber Camp |
| 2:02 | Crear | Villager (Male) |
| 2:02 | Crear | Villager (Male) |
| 2:12 | Crear | Villager (Male) |
| 2:12 | Crear | Villager (Male) |
| 2:38 | Construir | House |
| 2:40 | Construir | House |
| 2:46 | Crear | Villager (Male) |
| 2:47 | Crear | Villager (Male) |
| 3:15 | Crear | Villager (Male) |
| 3:15 | Crear | Villager (Male) |
| 3:15 | Crear | Villager (Male) |
| 3:54 | Crear | Villager (Male) |
| 3:54 | Crear | Villager (Male) |
| 4:29 | Crear | Villager (Male) |
| 4:48 | Construir | Mill |
| 4:52 | Crear | Villager (Male) |
| 4:52 | Crear | Villager (Male) |
| 4:53 | Crear | Villager (Male) |
| 5:45 | Crear | Villager (Male) |
| 5:46 | Investigar | Loom |
| 6:35 | Investigar | Feudal Age |
| 7:45 | Construir | Barracks |
| 8:10 | Construir | Mining Camp |
| 8:38 | Crear | Villager (Male) |
| 8:52 | Edad | Edad Feudal |
| 8:55 | Construir | Archery Range |
| 9:01 | Investigar | Double-Bit Axe |
| 9:11 | Crear | Villager (Male) |
| 9:30 | Crear | Villager (Male) |
| 9:48 | Crear | Archer |
| 9:48 | Crear | Archer |
| 10:08 | Crear | Archer |
| 10:27 | Crear | Archer |
| 10:43 | Construir | House |
| 11:00 | Crear | Archer |
| 11:12 | Crear | Villager (Male) |
| 12:03 | Crear | Archer |
| 12:04 | Crear | Villager (Male) |
| 12:09 | Construir | Blacksmith |
| 12:22 | Crear | Villager (Male) |
| 12:26 | Construir | Archery Range |
| 12:29 | Construir | Blacksmith |
| 12:31 | Crear | Villager (Male) |
| 12:41 | Construir | Archery Range |
| 12:43 | Construir | House |
| 12:45 | Investigar | Fletching |
| 12:46 | Crear | Villager (Male) |
| 12:48 | Investigar | Horse Collar |
| 13:08 | Construir | Watch Tower |
| 13:10 | Crear | Archer |
| 13:11 | Crear | Archer |
| 13:14 | Crear | Villager (Male) |
| 13:46 | Crear | Archer |
| 13:47 | Crear | Archer |
| 14:03 | Construir | House |
| 14:05 | Crear | Villager (Male) |
| 14:05 | Crear | Villager (Male) |
| 14:10 | Crear | Archer |
| 14:10 | Crear | Archer |
| 14:16 | Crear | Archer |
| 14:17 | Crear | Archer |
| 14:20 | Construir | House |
| 14:22 | Construir | House |
| 14:39 | Crear | Archer |
| 14:40 | Crear | Archer |
| 14:48 | Crear | Villager (Male) |
| 14:48 | Crear | Villager (Male) |
| 14:52 | Construir | Mining Camp |
| 15:05 | Crear | Villager (Male) |
| 15:19 | Construir | Farm |
| 15:26 | Construir | House |
| 15:37 | Crear | Villager (Male) |
| 15:37 | Crear | Villager (Male) |
| 15:41 | Construir | Farm |
| 15:49 | Crear | Archer |
| 15:49 | Crear | Archer |
| 15:50 | Crear | Archer |
| 15:50 | Crear | Archer |
| 16:01 | Crear | Archer |
| 16:01 | Crear | Archer |
| 16:02 | Crear | Villager (Male) |
| 16:23 | Construir | Palisade Gate |
| 16:24 | Construir | House |
| 16:27 | Crear | Archer |
| 16:28 | Crear | Archer |
| 16:29 | Crear | Villager (Male) |
| 16:29 | Crear | Villager (Male) |
| 16:42 | Crear | Villager (Male) |
| 16:42 | Crear | Villager (Male) |
| 16:43 | Crear | Archer |
| 16:54 | Crear | Archer |
| 16:54 | Crear | Archer |
| 16:55 | Crear | Archer |
| 16:56 | Crear | Villager (Male) |
| 16:56 | Crear | Villager (Male) |
| 17:15 | Construir | Farm |
| 17:22 | Crear | Archer |
| 17:22 | Crear | Archer |
| 17:32 | Construir | Farm |
| 17:35 | Crear | Villager (Male) |
| 17:40 | Crear | Archer |
| 17:40 | Crear | Archer |
| 17:41 | Crear | Villager (Male) |
| 17:44 | Crear | Archer |
| 17:45 | Crear | Archer |
| 18:07 | Crear | Archer |
| 18:08 | Crear | Villager (Male) |
| 18:11 | Construir | Farm |
| 18:21 | Construir | Farm |
| 18:32 | Crear | Villager (Male) |
| 18:33 | Crear | Archer |
| 18:40 | Construir | Farm |
| 18:51 | Construir | Market |
| 19:03 | Crear | Villager (Male) |
| 19:06 | Crear | Archer |
| 19:06 | Crear | Archer |
| 19:07 | Crear | Villager (Male) |
| 19:10 | Construir | Farm |
| 19:20 | Construir | Farm |
| 19:26 | Construir | Farm |
| 19:34 | Construir | Farm |
| 20:17 | Crear | Archer |
| 20:18 | Crear | Archer |
| 20:18 | Crear | Archer |
| 20:35 | Crear | Villager (Male) |
| 20:39 | Construir | House |
| 20:40 | Construir | House |
| 20:40 | Construir | House |
| 20:40 | Construir | House |
| 20:45 | Construir | Farm |
| 21:04 | Crear | Villager (Male) |
| 21:05 | Crear | Archer |
| 21:05 | Crear | Archer |
| 21:18 | Crear | Villager (Male) |
| 21:45 | Investigar | Castle Age |
| 21:46 | Investigar | Castle Age |
| 21:53 | Crear | Archer |
| 21:53 | Crear | Archer |
| 22:04 | Crear | Archer |
| 22:04 | Crear | Archer |
Build order — Newlife
Primeras 150 de 429 acciones detectadas
| 0:03 | Crear | Villager (Male) |
| 0:05 | Construir | House |
| 0:06 | Construir | House |
| 0:21 | Crear | Villager (Male) |
| 0:21 | Crear | Villager (Male) |
| 0:21 | Crear | Villager (Male) |
| 1:28 | Crear | Villager (Male) |
| 1:47 | Construir | Lumber Camp |
| 1:57 | Crear | Villager (Male) |
| 2:30 | Crear | Villager (Male) |
| 2:46 | Crear | Villager (Male) |
| 3:17 | Crear | Villager (Male) |
| 3:34 | Crear | Villager (Male) |
| 4:02 | Crear | Villager (Male) |
| 4:10 | Construir | House |
| 4:17 | Construir | House |
| 4:26 | Construir | Mill |
| 4:30 | Crear | Villager (Male) |
| 4:44 | Crear | Villager (Male) |
| 5:18 | Crear | Villager (Male) |
| 5:32 | Crear | Villager (Male) |
| 6:04 | Crear | Villager (Male) |
| 6:13 | Crear | Villager (Male) |
| 6:14 | Crear | Villager (Male) |
| 6:14 | Crear | Villager (Male) |
| 6:14 | Crear | Villager (Male) |
| 6:57 | Construir | Mining Camp |
| 7:20 | Crear | Villager (Male) |
| 7:28 | Construir | Mining Camp |
| 8:26 | Investigar | Feudal Age |
| 8:41 | Construir | House |
| 9:45 | Construir | Farm |
| 9:52 | Construir | Farm |
| 10:01 | Construir | Farm |
| 10:58 | Edad | Edad Feudal |
| 11:01 | Crear | Villager (Male) |
| 11:10 | Construir | Market |
| 11:22 | Crear | Villager (Male) |
| 11:45 | Crear | Villager (Male) |
| 12:12 | Crear | Villager (Male) |
| 12:22 | Construir | Blacksmith |
| 12:33 | Crear | Villager (Male) |
| 13:04 | Investigar | Castle Age |
| 13:11 | Construir | House |
| 13:24 | Investigar | Double-Bit Axe |
| 13:36 | Construir | Palisade Wall |
| 13:37 | Construir | Palisade Wall |
| 13:41 | Investigar | Horse Collar |
| 13:47 | Construir | Farm |
| 14:18 | Construir | Farm |
| 14:24 | Construir | Farm |
| 14:32 | Construir | Palisade Wall |
| 14:34 | Construir | Palisade Wall |
| 14:36 | Construir | Palisade Wall |
| 14:42 | Construir | Palisade Gate |
| 14:51 | Construir | Palisade Wall |
| 15:21 | Construir | Farm |
| 15:25 | Construir | Farm |
| 15:43 | Crear | Villager (Male) |
| 15:46 | Edad | Edad de los Castillos |
| 15:51 | Investigar | Bow Saw |
| 16:09 | Construir | Castle |
| 16:13 | Crear | Villager (Male) |
| 16:29 | Construir | Town Center |
| 16:37 | Crear | Villager (Male) |
| 16:59 | Crear | Villager (Male) |
| 17:26 | Crear | Villager (Male) |
| 17:46 | Crear | Villager (Male) |
| 17:58 | Crear | Camel Archer |
| 17:58 | Crear | Camel Archer |
| 18:00 | Crear | Villager (Male) |
| 18:12 | Construir | Town Center |
| 18:25 | Investigar | Wheelbarrow |
| 18:26 | Investigar | Wheelbarrow |
| 18:30 | Construir | Farm |
| 18:32 | Construir | Farm |
| 18:35 | Construir | Farm |
| 18:36 | Crear | Camel Archer |
| 18:46 | Crear | Villager (Male) |
| 18:52 | Construir | Farm |
| 18:55 | Construir | Farm |
| 18:58 | Crear | Camel Archer |
| 19:12 | Construir | Farm |
| 19:17 | Construir | Farm |
| 19:20 | Investigar | Fletching |
| 19:27 | Crear | Villager (Male) |
| 19:38 | Construir | Farm |
| 19:39 | Crear | Villager (Male) |
| 19:58 | Crear | Camel Archer |
| 20:17 | Crear | Villager (Male) |
| 20:18 | Crear | Villager (Male) |
| 20:18 | Crear | Villager (Male) |
| 20:22 | Construir | Farm |
| 20:23 | Crear | Camel Archer |
| 20:33 | Crear | Villager (Male) |
| 20:34 | Crear | Villager (Male) |
| 20:41 | Construir | Farm |
| 20:45 | Construir | Farm |
| 20:46 | Crear | Camel Archer |
| 20:55 | Crear | Villager (Male) |
| 20:58 | Construir | Farm |
| 20:59 | Crear | Camel Archer |
| 21:22 | Crear | Villager (Male) |
| 21:22 | Crear | Villager (Male) |
| 21:23 | Crear | Villager (Male) |
| 21:23 | Crear | Villager (Male) |
| 21:39 | Crear | Villager (Male) |
| 21:40 | Crear | Villager (Male) |
| 21:41 | Crear | Villager (Male) |
| 21:45 | Construir | Farm |
| 21:48 | Construir | Farm |
| 21:49 | Construir | House |
| 21:49 | Crear | Camel Archer |
| 21:58 | Construir | Farm |
| 21:59 | Construir | Farm |
| 22:00 | Construir | Farm |
| 22:01 | Crear | Villager (Male) |
| 22:02 | Crear | Villager (Male) |
| 22:05 | Crear | Villager (Male) |
| 22:07 | Crear | Camel Archer |
| 22:25 | Crear | Camel Archer |
| 22:26 | Crear | Villager (Male) |
| 22:32 | Construir | Monastery |
| 22:36 | Investigar | Bodkin Arrow |
| 22:37 | Investigar | Bodkin Arrow |
| 22:43 | Construir | Town Center |
| 22:48 | Crear | Villager (Male) |
| 22:49 | Crear | Villager (Male) |
| 22:49 | Crear | Villager (Male) |
| 23:05 | Investigar | Loom |
| 23:10 | Investigar | Gold Mining |
| 23:15 | Construir | House |
| 23:16 | Construir | House |
| 23:17 | Construir | House |
| 23:23 | Crear | Villager (Male) |
| 23:24 | Crear | Villager (Male) |
| 23:24 | Crear | Villager (Male) |
| 23:24 | Crear | Villager (Male) |
| 23:53 | Crear | Villager (Male) |
| 23:54 | Crear | Villager (Male) |
| 23:55 | Crear | Villager (Male) |
| 24:00 | Construir | Farm |
| 24:01 | Construir | Farm |
| 24:02 | Construir | Farm |
| 24:18 | Crear | Camel Archer |
| 24:22 | Construir | Barracks |
| 24:27 | Crear | Villager (Male) |
| 24:27 | Crear | Villager (Male) |
| 24:28 | Crear | Villager (Male) |
| 24:31 | Construir | Farm |
Build order — Koorean
Primeras 150 de 430 acciones detectadas
| 0:02 | Crear | Villager (Male) |
| 0:03 | Crear | Villager (Male) |
| 0:03 | Crear | Villager (Male) |
| 0:03 | Crear | Villager (Male) |
| 0:04 | Crear | Villager (Male) |
| 0:05 | Construir | House |
| 0:07 | Construir | House |
| 1:38 | Crear | Villager (Male) |
| 1:38 | Crear | Villager (Male) |
| 2:06 | Crear | Villager (Male) |
| 2:07 | Crear | Villager (Male) |
| 2:08 | Crear | Villager (Male) |
| 2:08 | Crear | Villager (Male) |
| 2:29 | Crear | Villager (Male) |
| 2:30 | Crear | Villager (Male) |
| 3:07 | Crear | Villager (Male) |
| 3:08 | Crear | Villager (Male) |
| 3:08 | Crear | Villager (Male) |
| 3:11 | Construir | Lumber Camp |
| 3:45 | Construir | House |
| 3:46 | Construir | House |
| 3:47 | Crear | Villager (Male) |
| 3:48 | Crear | Villager (Male) |
| 3:48 | Crear | Villager (Male) |
| 5:18 | Crear | Villager (Male) |
| 5:18 | Crear | Villager (Male) |
| 5:48 | Construir | Mill |
| 5:53 | Crear | Villager (Male) |
| 5:56 | Investigar | Loom |
| 5:56 | Investigar | Loom |
| 6:49 | Investigar | Feudal Age |
| 6:49 | Investigar | Feudal Age |
| 7:56 | Construir | Barracks |
| 8:18 | Crear | Villager (Male) |
| 8:51 | Construir | House |
| 8:54 | Construir | House |
| 8:59 | Edad | Edad Feudal |
| 9:05 | Construir | Stable |
| 9:08 | Investigar | Double-Bit Axe |
| 9:08 | Investigar | Double-Bit Axe |
| 9:15 | Crear | Villager (Male) |
| 9:25 | Crear | Villager (Male) |
| 9:33 | Investigar | Horse Collar |
| 9:33 | Investigar | Horse Collar |
| 10:03 | Crear | Scout Cavalry |
| 10:15 | Crear | Villager (Male) |
| 10:18 | Construir | Farm |
| 10:23 | Construir | Farm |
| 10:35 | Crear | Scout Cavalry |
| 10:37 | Crear | Villager (Male) |
| 10:43 | Construir | Farm |
| 11:05 | Crear | Scout Cavalry |
| 11:06 | Crear | Villager (Male) |
| 11:18 | Construir | Farm |
| 11:24 | Construir | Farm |
| 11:27 | Crear | Scout Cavalry |
| 11:32 | Crear | Villager (Male) |
| 11:37 | Construir | Farm |
| 11:43 | Construir | House |
| 11:46 | Construir | House |
| 12:16 | Crear | Scout Cavalry |
| 12:16 | Crear | Villager (Male) |
| 12:21 | Construir | Farm |
| 12:37 | Crear | Scout Cavalry |
| 12:38 | Crear | Villager (Male) |
| 12:52 | Construir | Farm |
| 13:05 | Crear | Villager (Male) |
| 13:10 | Construir | House |
| 13:11 | Construir | House |
| 13:19 | Construir | Mining Camp |
| 13:23 | Crear | Scout Cavalry |
| 13:53 | Crear | Scout Cavalry |
| 13:54 | Crear | Scout Cavalry |
| 13:56 | Crear | Villager (Male) |
| 14:01 | Construir | Farm |
| 14:02 | Construir | Farm |
| 14:32 | Crear | Villager (Male) |
| 14:34 | Construir | Farm |
| 14:36 | Construir | Farm |
| 14:37 | Construir | Farm |
| 14:59 | Crear | Scout Cavalry |
| 15:00 | Crear | Villager (Male) |
| 15:04 | Construir | Blacksmith |
| 15:24 | Crear | Villager (Male) |
| 15:25 | Crear | Scout Cavalry |
| 15:30 | Construir | Farm |
| 15:48 | Crear | Scout Cavalry |
| 15:48 | Crear | Villager (Male) |
| 15:51 | Construir | House |
| 15:52 | Construir | House |
| 15:53 | Construir | House |
| 16:26 | Investigar | Scale Barding Armor |
| 16:26 | Investigar | Scale Barding Armor |
| 16:27 | Investigar | Forging |
| 16:27 | Investigar | Forging |
| 16:28 | Crear | Villager (Male) |
| 16:32 | Crear | Villager (Male) |
| 16:36 | Construir | Farm |
| 16:37 | Construir | Farm |
| 16:40 | Construir | Farm |
| 16:44 | Construir | Farm |
| 17:03 | Crear | Scout Cavalry |
| 17:06 | Investigar | Bloodlines |
| 17:06 | Investigar | Bloodlines |
| 17:35 | Crear | Scout Cavalry |
| 17:36 | Crear | Villager (Male) |
| 17:42 | Construir | Lumber Camp |
| 17:50 | Construir | House |
| 18:25 | Crear | Scout Cavalry |
| 18:26 | Crear | Villager (Male) |
| 18:33 | Construir | Market |
| 19:14 | Crear | Scout Cavalry |
| 19:14 | Crear | Villager (Male) |
| 20:04 | Construir | Farm |
| 20:08 | Construir | Farm |
| 20:09 | Construir | Farm |
| 20:11 | Investigar | Castle Age |
| 20:11 | Investigar | Castle Age |
| 20:24 | Crear | Scout Cavalry |
| 20:24 | Crear | Scout Cavalry |
| 20:24 | Crear | Scout Cavalry |
| 21:02 | Crear | Scout Cavalry |
| 21:03 | Crear | Villager (Male) |
| 21:16 | Construir | Stable |
| 21:33 | Investigar | Gold Mining |
| 21:33 | Investigar | Gold Mining |
| 21:43 | Crear | Scout Cavalry |
| 21:44 | Crear | Villager (Male) |
| 22:27 | Investigar | Wheelbarrow |
| 22:29 | Investigar | Town Watch |
| 22:37 | Crear | Scout Cavalry |
| 22:39 | Crear | Scout Cavalry |
| 22:51 | Edad | Edad de los Castillos |
| 23:05 | Investigar | Chain Barding Armor |
| 23:06 | Investigar | Chain Barding Armor |
| 23:07 | Investigar | Husbandry |
| 23:15 | Investigar | Light Cavalry (upgrade) |
| 23:15 | Investigar | Light Cavalry (upgrade) |
| 23:28 | Crear | Villager (Male) |
| 23:36 | Construir | House |
| 23:38 | Crear | Villager (Male) |
| 23:43 | Construir | Town Center |
| 23:54 | Investigar | Bow Saw |
| 23:54 | Investigar | Bow Saw |
| 24:25 | Crear | Camel Scout |
| 24:26 | Crear | Camel Scout |
| 24:27 | Crear | Villager (Male) |
| 24:30 | Construir | House |
| 24:50 | Crear | Camel Scout |
| 24:51 | Crear | Camel Scout |
Cronología de la partida
| 7:45 | El Wicho · first_building Barracks |
| 7:45 | Reynald AoE · first_building Barracks |
| 7:56 | Koorean · first_building Barracks |
| 8:09 | Reynald AoE · wall_segment Palisade Wall x1 |
| 8:34 | Reynald AoE · wall_segment Palisade Wall x1 |
| 8:52 | El Wicho · age_up feudal |
| 8:55 | El Wicho · first_building Archery Range |
| 8:59 | Koorean · age_up feudal |
| 9:05 | Koorean · first_building Stable |
| 9:35 | Dadagama · first_building Barracks |
| 9:42 | Dadagama · age_up feudal |
| 9:50 | Nostradamus · first_building Barracks |
| 10:12 | Reynald AoE · age_up feudal |
| 10:24 | Dadagama · first_building Stable |
| 10:25 | lcastillov22 · first_building Barracks |
| 10:34 | lcastillov22 · age_up feudal |
| 10:36 | accept_all_cookies · age_up feudal |
| 10:58 | Newlife · age_up feudal |
| 11:00 | Nostradamus · age_up feudal |
| 11:02 | Nostradamus · first_building Archery Range |
| 11:11 | lcastillov22 · first_building Stable |
| 11:19 | Reynald AoE · first_building Archery Range |
| 13:07 | accept_all_cookies · wall_segment Palisade Wall x1 |
| 13:10 | accept_all_cookies · wall_segment Palisade Wall x1 |
| 13:12 | accept_all_cookies · wall_segment Palisade Wall x1 |
| 13:13 | accept_all_cookies · wall_segment Palisade Wall x1 |
| 13:18 | accept_all_cookies · wall_segment Palisade Wall x1 |
| 13:36 | Newlife · wall_segment Palisade Wall x2 |
| 13:37 | Newlife · wall_segment Palisade Wall x1 |
| 14:32 | Newlife · wall_segment Palisade Wall x1 |
| 14:34 | Newlife · wall_segment Palisade Wall x1 |
| 14:36 | Newlife · wall_segment Palisade Wall x1 |
| 14:37 | Reynald AoE · wall_segment Palisade Wall x1 |
| 14:43 | Reynald AoE · wall_segment Palisade Wall x1 |
| 14:45 | Reynald AoE · wall_segment Palisade Wall x2 |
| 14:51 | Newlife · wall_segment Palisade Wall x6 |
| 15:35 | accept_all_cookies · first_building Barracks |
| 15:46 | Newlife · age_up castle |
| 15:52 | accept_all_cookies · first_market_sell 100 wood |
| 16:09 | Newlife · first_building Castle |
| 18:04 | Nostradamus · wall_segment Palisade Wall x1 |
| 19:34 | accept_all_cookies · first_market_buy 100 food |
| 19:47 | Koorean · first_market_sell 100 wood |
| 19:48 | Koorean · first_market_buy 100 food |
| 20:32 | Reynald AoE · wall_segment Palisade Wall x1 |
| 21:20 | El Wicho · first_market_sell 500 wood |
| 21:23 | El Wicho · first_market_buy 100 food |
| 22:05 | Dadagama · first_building Archery Range |
| 22:32 | Newlife · first_building Monastery |
| 22:42 | Nostradamus · age_up castle |
| 22:51 | Koorean · age_up castle |
| 24:01 | Dadagama · age_up castle |
| 24:17 | Nostradamus · first_market_sell 100 food |
| 24:18 | Nostradamus · first_market_buy 100 stone |
| 24:22 | Newlife · first_building Barracks |
| 24:24 | Nostradamus · first_building Castle |
| 24:25 | lcastillov22 · age_up castle |
| 24:25 | El Wicho · age_up castle |
| 24:32 | Dadagama · first_building Castle |
| 24:39 | Dadagama · wall_segment Palisade Wall x1 |
| 24:41 | accept_all_cookies · wall_segment Palisade Wall x1 |
| 24:47 | El Wicho · first_building Siege Workshop |
| 24:59 | accept_all_cookies · wall_segment Palisade Wall x1 |
| 25:00 | accept_all_cookies · wall_segment Palisade Wall x1 |
| 25:02 | accept_all_cookies · wall_segment Palisade Wall x1 |
| 25:04 | accept_all_cookies · wall_segment Palisade Wall x1 |
| 25:36 | accept_all_cookies · age_up castle |
| 25:47 | accept_all_cookies · first_building Castle |
| 25:55 | Newlife · first_building Stable |
| 27:22 | accept_all_cookies · resign |
| 27:26 | Reynald AoE · first_market_buy 100 food |
| 27:29 | Reynald AoE · first_market_sell 100 wood |
| 28:40 | Dadagama · first_market_buy 100 wood |
| 29:23 | Newlife · first_market_sell 100 wood |
| 30:34 | Reynald AoE · age_up castle |
| 31:26 | lcastillov22 · first_market_buy 100 stone |
| 31:40 | El Wicho · first_building Castle |
| 31:52 | El Wicho · wall_segment Stone Wall x1 |
| 31:53 | El Wicho · wall_segment Palisade Wall x1 |
| 31:54 | El Wicho · wall_segment Palisade Wall x1 |
| 32:25 | Nostradamus · first_building Siege Workshop |
| 32:53 | Reynald AoE · first_building Siege Workshop |
| 32:56 | Newlife · age_up imperial |
| 34:19 | Nostradamus · wall_segment Palisade Wall x1 |
| 34:21 | Nostradamus · wall_segment Palisade Wall x1 |
| 34:22 | Nostradamus · wall_segment Palisade Wall x1 |
| 35:44 | El Wicho · age_up imperial |
| 36:01 | Nostradamus · age_up imperial |
| 38:41 | Koorean · first_building Castle |
| 40:19 | Newlife · first_building Siege Workshop |
| 43:21 | Koorean · age_up imperial |
| 43:51 | Koorean · tribute_sent a jugador 1 |
| 43:51 | Koorean · tribute_sent a jugador 2 |
| 43:51 | Koorean · tribute_sent a jugador 3 |
| 43:51 | Koorean · tribute_sent a jugador 4 |
| 43:51 | Koorean · tribute_sent a jugador 5 |
| 43:51 | Koorean · tribute_sent a jugador 6 |
| 43:51 | Koorean · tribute_sent a jugador 7 |
| 43:51 | Dadagama · age_up imperial |
[ ANÁLISIS IA · 1 CRÉDITO ]
¿Qué pasó realmente en esta partida?
Wolo.gg analiza cada decisión: build order, eco, micro, errores típicos por bracket. Análisis personalizado por WhatsApp o Discord en 30 segundos.
Guía civ
Italianos
Perfil
Jugador #11526726